 Dungeon Crawl Stone Soup version 0.31-a0-196-g86fe4a5e66 (webtiles) character file.

Game seed: 5641186916531492250

49 qw the Shooter (level 3, -1/20 HPs)
             Began as a Deep Elf Hunter on June 24, 2023.
             Slain by a worm (2 damage)
             ... on level 2 of the Dungeon.
             The game lasted 00:00:51 (817 turns).

qw the Shooter (Deep Elf Hunter)                     Turns: 817, Time: 00:00:51

Health: -1/20      AC:  6    Str: 10    XL:     3   Next: 51%
Magic:  5/5        EV:  9    Int: 13    God:
Gold:   54         SH:  0    Dex: 18    Spells: 2/2 levels left

rFire   . . .        Y - +0 shortbow
rCold   . . .        (shield currently unavailable)
rNeg    . . .        j - +0 scale mail
rPois   .            (no helmet)
rElec   .            (no cloak)
rCorr   .            (no gloves)
SInv    .            (no boots)
Will    .....        (no amulet)
Stlth   +            (no ring)
HPRegen 0.23/turn    (no ring)
MPRegen 0.09/turn

%: no passive effects
@: no status effects
A: no striking features
a: no special abilities


You were on level 2 of the Dungeon.
You visited 1 branch of the dungeon, and saw 2 of its levels.

You collected 54 gold pieces.


   Skills:
 - Level 1.5 Fighting
 + Level 7.0 Ranged Weapons
 - Level 2.4 Dodging
 - Level 1.2 Stealth


You had 2 spell levels left.
You didn't know any spells.
Your spell library was empty.

Inventory:

Hand Weapons
 Y - a +0 shortbow (weapon)
Armour
 j - a +0 scale mail (worn)
Jewellery
 b - a ring of flight
Potions
 a - a potion of brilliance {unknown}
 d - a potion of experience {unknown}
 g - a potion of heal wounds {unknown}
 k - a potion of curing {unknown}

Dungeon Overview and Level Annotations

Branches:
Dungeon (2/15)

Altars:


Message History

You shoot an arrow. The arrow hits the goblin!
You kill the goblin!
A worm comes into view.
The worm moves out of view.
You shoot an arrow. The arrow hits the worm.
The worm is lightly wounded.
You shoot an arrow. The arrow hits the worm!
The worm is heavily wounded.
You shoot an arrow.
The arrow hits the worm but does no damage.
The worm is heavily wounded.
The worm completely misses you.
You shoot an arrow. The arrow barely misses the worm.
The worm barely misses you.
You shoot an arrow. The arrow hits the worm.
The worm is moderately wounded.
You shoot an arrow. The arrow barely misses the worm.
The worm bites you!
You shoot an arrow. The arrow hits the worm.
The worm is moderately wounded.
The worm bites you but does no damage.
You shoot an arrow. The arrow hits the worm.
The worm is heavily wounded.
The worm bites you.
You shoot an arrow. The arrow hits the worm.
The worm is heavily wounded.
The worm bites you but does no damage.
You shoot an arrow.
The arrow hits the worm but does no damage.
The worm is heavily wounded.
The worm bites you!
You shoot an arrow. The arrow hits the worm.
The worm is severely wounded.
You shoot an arrow. The arrow hits the worm.
The worm is severely wounded.
The worm bites you.
You shoot an arrow. The arrow hits the worm.
The worm is almost dead.
The worm bites you.
You die...

####### #......
#......#
........
.....### ..>..
#######w.#
##.....#.@#
.)....)...#
.......#.###
......(....#
.........#.#
.#########..#.#
.............#.#
#..#######...#.#
...#.#.......#.#


You could see a worm.

Vanquished Creatures
  A gnoll (D:1)
  A worm (D:2)
  4 ball pythons (D:1)
  2 bats
  6 endoplasms (D:1)
  6 goblins
  A hobgoblin (D:1)
  3 jackals (D:1)
  4 frilled lizards (D:1)
  2 kobolds (D:1)
  3 rats (D:1)
33 creatures vanquished.

Notes
Turn   | Place    | Note
-------+----------+-------------------------------------------
     0 | D:1      | qw the Deep Elf Hunter began the quest for the Orb.
     0 | D:1      | Reached XP level 1. HP: 12/12 MP: 3/3
     0 | D:1      | 0 ||| qw: Version: 0.3-a-9-g12657ce
     0 | D:1      | 0 ||| qw: Game counter: 4804
     0 | D:1      | 0 ||| qw: Always use a shield: true
     0 | D:1      | 0 ||| qw: God list: Okawaru
     0 | D:1      | 0 ||| qw: Allow faded altars: false
     0 | D:1      | 0 ||| qw: Do Orc after D:15 true
     0 | D:1      | 0 ||| qw: Do second Lair branch before Depths: true
     0 | D:1      | 0 ||| qw: Lair rune preference: random
     0 | D:1      | 0 ||| qw: Plans: Normal
     0 | D:1      | 0 ||| PLANNING D:1-11
    43 | D:1      | Reached XP level 2. HP: 16/16 MP: 4/4
    47 | D:1      | Reached skill level 6 in Ranged Weapons
   327 | D:1      | Reached XP level 3. HP: 16/20 MP: 5/5
   363 | D:1      | 363 ||| FLEEEEING.
   364 | D:1      | 364 ||| FLEEEEING.
   365 | D:1      | 365 ||| FLEEEEING.
   366 | D:1      | 366 ||| FLEEEEING.
   367 | D:1      | 367 ||| FLEEEEING.
   368 | D:1      | 368 ||| FLEEEEING.
   369 | D:1      | 369 ||| FLEEEEING.
   370 | D:1      | 370 ||| FLEEEEING.
   371 | D:1      | 371 ||| FLEEEEING.
   372 | D:1      | 372 ||| FLEEEEING.
   373 | D:1      | 373 ||| FLEEEEING.
   374 | D:1      | 374 ||| FLEEEEING.
   375 | D:1      | 375 ||| FLEEEEING.
   376 | D:1      | 376 ||| FLEEEEING.
   377 | D:1      | 377 ||| FLEEEEING.
   480 | D:1      | 480 ||| UPGRADING to +0 scale mail.
   490 | D:1      | 490 ||| DROPPING +0 leather armour.
   491 | D:1      | 491 ||| READING scroll labelled DITHUASCHUP.
   492 | D:1      | 492 ||| READING scroll labelled BAQOAPTEBOSSU.
   493 | D:1      | 493 ||| READING scroll labelled PUEXENI JIEKK.
   494 | D:1      | 494 ||| READING scroll labelled PAZESE ELOCRE.
   498 | D:1      | 498 ||| DROPPING scroll of butterflies.
   517 | D:2      | 517 ||| STAIRDANCE
   521 | D:2      | 521 ||| STAIRDANCE
   525 | D:2      | 525 ||| STAIRDANCE
   529 | D:2      | 529 ||| STAIRDANCE
   533 | D:2      | 533 ||| STAIRDANCE
   537 | D:2      | 537 ||| STAIRDANCE
   541 | D:2      | 541 ||| STAIRDANCE
   545 | D:2      | 545 ||| STAIRDANCE
   549 | D:2      | 549 ||| STAIRDANCE
   553 | D:2      | 553 ||| STAIRDANCE
   557 | D:2      | 557 ||| STAIRDANCE
   561 | D:2      | 561 ||| STAIRDANCE
   565 | D:2      | 565 ||| STAIRDANCE
   569 | D:2      | 569 ||| STAIRDANCE
   573 | D:2      | 573 ||| STAIRDANCE
   577 | D:2      | 577 ||| STAIRDANCE
   581 | D:2      | 581 ||| STAIRDANCE
   585 | D:2      | 585 ||| STAIRDANCE
   589 | D:2      | 589 ||| STAIRDANCE
   593 | D:2      | 593 ||| STAIRDANCE
   602 | D:2      | 602 ||| FLEEEEING.
   609 | D:2      | Reached skill level 7 in Ranged Weapons
   814 | D:2      | HP: 2/20 [worm (7)]
   817 | D:2      | Slain by a worm

Levels and vault maps discovered:
D:1:      elethiomel_arrival_shortcut, layout_basic, hex_intersection
D:2:      layout_basic, ebering_ecumenical_altar_petrified,
          chequers_serial_rivers_room_a

Skill      XL: |  1  2  3 |
---------------+----------+-----
Ranged Weapons | 6 7 |  7.0
Fighting       | |  1.5
Dodging        | |  2.4
Stealth        | |  1.2

Action                     || total
---------------------------++-------
   Fire: Shortbow          ||    83
    Use: Scroll            ||     4
 Armour: Leather armour    ||     1
         Scale mail        ||     2
  Dodge: Dodged            ||     7

Table legend:
 A = Non-vault XP
 B = Vault XP
 C = Vault XP percentage of total XP
 D = Non-vault monster count
 E = Vault monster count
 F = Vault count percentage of total count
                 A         B        C        D         E       F
            +---------+---------+-------+---------+---------+-------
      Total |      70 |       0 |   0.0 |      33 |       0 |   0.0
            +---------+---------+-------+---------+---------+-------
        D:1 |      62 |       0 |   0.0 |      30 |       0 |   0.0
        D:2 |       8 |       0 |   0.0 |       3 |       0 |   0.0
            +---------+---------+-------+---------+---------+-------
